 Dungeon Crawl Stone Soup version 0.24.0-123-gd5b16e6ec5 (webtiles) character file.

Game seed: 5365206463251697200, levelgen mode: deterministic

1231 Descartes the Skirmisher (level 8, 0/64 HPs)
             Began as a Formicid Abyssal Knight on Jan 3, 2020.
             Was a Priest of Lugonu.
             Slain by a hippogriff (4 damage)
             ... on level 7 of the Dungeon.
             The game lasted 00:15:59 (7388 turns).

Descartes the Skirmisher (Formicid Abyssal Knight)  Turns: 7388, Time: 00:16:00

Health: 0/64       AC: 15    Str: 17 (18) XL:     8   Next: 77%
Magic:  11/12      EV:  5    Int: 11 (13) God:    Lugonu [***...]
Gold:   435        SH:  9    Dex:  9 (10) Spells: 7/7 levels left

rFire    . . .     SeeInvis +   a - +1 hand axe
rCold    . . .     Gourm    +   b - +0 shield
rNeg     . . .     Faith    .   C - +0 plate armour
rPois    .         Spirit   .   (helmet unavailable)
rElec    .         Reflect  .   (no cloak)
rCorr    .         Harm     .   (no gloves)
MR       .....                  d - +2 pair of boots
Stlth    ..........             m - amulet of the gourmand
HPRegen  0.20/turn              g - ring of stealth
MPRegen  0.13/turn              (no ring)

@: studying Fire Magic
A: permanent stasis, dig shafts and tunnels, four strong arms, antennae 3
a: Dig, Shaft Self, Depart the Abyss, Bend Space, Banish, Renounce Religion


You were on level 7 of the Dungeon.
You worshipped Lugonu.
Lugonu was most pleased with you.
You were very full.

You visited 2 branches of the dungeon, and saw 8 of its levels.
You visited the Abyss 1 time.

You collected 435 gold pieces.

Inventory:

Hand Weapons
 a - a +1 hand axe (weapon)
 l - a +0 battleaxe
 p - a +3 dagger of pain
Missiles
 h - 2 silver javelins (quivered)
 k - 6 javelins
 n - 227 stones
 r - 7 boomerangs
 s - 56 poisoned darts
 x - 13 sling bullets
 A - 98 arrows
 K - 85 bolts
Armour
 b - a +0 shield (worn)
 d - a +2 pair of boots (worn)
 e - a +2 leather armour of poison resistance
 C - a +0 plate armour (worn)
 H - a +0 cloak
Jewellery
 g - a ring of stealth (left hand)
 m - an amulet of the gourmand (around neck)
Wands
 L - a wand of random effects (15)
Scrolls
 o - 3 scrolls of amnesia
 q - 6 scrolls of identify {unknown}
 t - 2 scrolls of magic mapping
 u - a scroll of noise
 v - 2 scrolls of fog
 w - 2 scrolls of teleportation {unknown}
 y - 4 scrolls of enchant weapon
 D - 3 scrolls of blinking {unknown}
 E - 6 scrolls of remove curse
 F - a scroll of immolation
 I - a scroll of fear {unknown}
 J - 2 scrolls of enchant armour {unknown}
Potions
 f - a potion of lignification {unknown}
 i - 3 potions of curing
 j - 2 potions of brilliance
 z - a potion of agility
Books
 G - a manual of Fire Magic
Comestibles
 c - 15 rations


   Skills:
 + Level 6.1 Fighting
 - Level 2.4 Axes
 + Level 5.3 Armour
 + Level 4.0 Dodging
 + Level 3.8 Shields
 - Level 0.1 Spellcasting
 + Level 5.7 Invocations


You had 7 spell levels left.
You didn't know any spells.
Your spell library was empty.

Dungeon Overview and Level Annotations

Branches:
Dungeon (7/15)             Temple (1/1) D:4

Altars:
Ashenzari
Cheibriados
Dithmenos
Elyvilon
Fedhas
Gozag
Hepliaklqana
Kikubaaqudgha
Makhleb
Nemelex Xobeh
Okawaru
Qazlal
Ru
Sif Muna
Trog
Vehumet
Wu Jian
Xom
Yredelemnul
Zin
The Shining One

Annotations:
D:6 Dowan, Duvessa


Innate Abilities, Weirdness & Mutations

You cannot be hasted, slowed, berserked, paralysed or teleported.
You can dig through walls and to a lower floor.
Your four strong arms can wield two-handed weapons with a shield.
You have a pair of large antennae on your head. (SInv)


Message History

You block the hippogriff's attack.
The hippogriff claws you but does no damage.
You hit the hippogriff.
The hippogriff is almost dead.
The hippogriff bites you but does no damage.
The hippogriff pecks you but does no damage.
The hippogriff claws you but does no damage.
The hippogriff completely misses you. You block the hippogriff's attack.
The hippogriff barely misses you.
You hit the hippogriff but do no damage.
The hippogriff is almost dead.
The hippogriff bites you.
* * * LOW HITPOINT WARNING * * *
The hippogriff pecks you.
* * * LOW HITPOINT WARNING * * *
The hippogriff claws you.
* * * LOW HITPOINT WARNING * * *
Space bends around you!
You blink.
The hippogriff bites you.
You die...

### #................## #
####.......########..#
####..........# ##.#
##...##.......# #.#
...#######.#.## #.#
##########.#.# #.#
#..........############'#
..#########.#..........##
##### #.#...@....).#
....# #.#..H####...#
###.# ##.#..## ##..# #.##
#..#..# #..# #..#
##.##..# #..#
##.####..##..## ##..#
#..##....#%..####...#
##.##.##.#..........#
#....# .#..........#


You could see a hippogriff.

Vanquished Creatures
  An orc warrior (D:5)
  An ice beast (D:7)
  2 ogres
  A phantom (D:6)
  A centaur (D:6)
  A bullfrog (D:6)
  A scorpion (D:6)
  A howler monkey (D:6)
  2 crimson imps (D:6)
  3 hounds
  4 orc wizards
  3 worker ants
  A hound zombie (D:5)
  A worker ant zombie (D:4)
  A gnoll (D:1)
  7 adders
  4 shadow imps
  An ooze (D:4)
  2 adder skeletons (D:5)
  A worm (D:2)
  3 dart slugs
  A leopard gecko (D:4)
  15 orcs
  3 bats
  7 giant cockroaches
  3 hobgoblins
  A jackal (D:1)
  7 kobolds
  2 quokkas
  6 frilled lizards
  7 goblins
  A jackal skeleton (D:4)
  An orc skeleton (Abyss:5)
  5 rats
101 creatures vanquished.

Notes
Turn   | Place    | Note
-------+----------+-------------------------------------------
     0 | Abyss:1  | Descartes the Formicid Abyssal Knight began the quest for
                  | the Orb.
     0 | Abyss:1  | Reached XP level 1. HP: 18/18 MP: 2/2
   154 | Abyss:3  | Noticed a hungry ghost
   161 | Abyss:3  | Noticed a large abomination
   193 | Abyss:4  | Noticed a starcursed mass
   208 | Abyss:5  | Entered Level 5 of the Abyss
   226 | Abyss:5  | Noticed a spiny frog skeleton
   256 | Abyss:5  | Noticed a ynoxinul
   258 | Abyss:5  | Noticed a starcursed mass
   259 | Abyss:5  | Noticed a starcursed mass
   263 | D:1      | Escaped the Abyss
   525 | D:1      | Reached XP level 2. HP: 19/24 MP: 3/3
   533 | D:1      | Reached skill level 1 in Dodging
   605 | D:1      | Reached XP level 3. HP: 27/30 MP: 4/4
   701 | D:1      | Reached * piety under Lugonu
  1770 | D:2      | Reached skill level 4 in Fighting
  1788 | D:2      | Found a sparkling altar of Nemelex Xobeh.
  1797 | D:2      | Found a burning altar of Makhleb.
  1797 | D:2      | Found a shimmering altar of Xom.
  1808 | D:2      | Found a snail-covered altar of Cheibriados.
  1811 | D:2      | Found an ornate altar of the Wu Jian Council.
  1933 | D:3      | Found a sacrificial altar of Ru.
  1942 | D:3      | Reached XP level 4. HP: 34/37 MP: 4/6
  2153 | D:3      | Reached XP level 5. HP: 36/42 MP: 7/7
  2360 | D:3      | Reached ** piety under Lugonu
  2999 | D:4      | Reached XP level 6. HP: 45/49 MP: 8/8
  3272 | D:4      | Found an iron altar of Okawaru.
  3273 | D:4      | Found a radiant altar of Vehumet.
  3314 | D:4      | Found a staircase to the Ecumenical Temple.
  3360 | Temple   | Entered the Ecumenical Temple
  3826 | D:5      | Entered Level 5 of the Dungeon
  4028 | D:5      | Noticed an orc warrior
  4045 | D:5      | HP: 1/50 [orc warrior/+0 battleaxe (9)]
  4062 | D:5      | Killed an orc warrior
  4062 | D:5      | Reached skill level 5 in Fighting
  4062 | D:5      | Reached skill level 1 in Shields
  4062 | D:5      | Reached XP level 7. HP: 39/56 MP: 10/10
  5207 | D:6      | Reached XP level 8. HP: 39/63 MP: 11/11
  5486 | D:6      | Reached skill level 5 in Invocations
  6223 | D:6      | Reached skill level 5 in Armour
  6534 | D:6      | Reached skill level 6 in Fighting
  6576 | D:7      | Noticed Duvessa
  6576 | D:7      | Noticed Dowan
  7206 | D:7      | Reached *** piety under Lugonu
  7356 | D:7      | Noticed a hippogriff
  7388 | D:7      | Slain by a hippogriff

Levels and vault maps discovered:
D:1:      dpeg_arrival_brainrot, layout_rooms
D:2:      layout_loops_cross, minmay_overflow_temple_star_hex, first_ration,
          hangedman_feature_mirror
D:3:      layout_loops_ring, nicolae_ru_great_annihilating_truth
D:4:      layout_basic, gammafunk_temple_overflow_pools,
          minmay_temple_entry_gardened_gates, minmay_manual_mail
D:5:      layout_loops_ring, grunt_decor_one_mirror
D:6:      layout_basic
D:7:      layout_rooms, kennysheep_pointless_box, uniq_duvessa
Temple:   eino_narrow_crystal_temple

Skill      XL: |  1  2  3  4  5  6  7  8 |
---------------+-------------------------+-----
Dodging        | 1 2 3 4 |  4.0
Fighting       | 4 5 6 |  6.1
Invocations    | 3 4 5 |  5.7
Armour         | 3 4 5 |  5.3
Shields        | 1 2 3 |  3.8
Axes           | |  2.4
Spellcasting   | |  0.1

Action                   |  1- 3 |  4- 6 |  7- 9 || total
-------------------------+-------+-------+-------++-------
Melee: Hand axe          |    91 |   269 |   418 ||   778
Invok: Depart the Abyss  |     1 |       |       ||     1
       Bend Space        |       |       |     2 ||     2
 Abil: Dig               |     1 |     1 |     2 ||     4
  Use: Scroll            |       |     7 |       ||     7
       Potion            |       |     7 |     4 ||    11
 Stab: Sleeping          |     4 |       |       ||     4
       Paralysed         |       |     6 |       ||     6
  Eat: Chunk             |    18 |     9 |    12 ||    39
Armor: Leather armour    |    38 |    11 |       ||    49
       Plate armour      |       |   208 |   318 ||   526
Dodge: Dodged            |    64 |    73 |    78 ||   215
Block: Shield            |       |     8 |   184 ||   192
